 Dungeon Crawl Stone Soup version 0.27-a0-780-geb8d7bc (webtiles) character file.

Game seed: 7340040852579078798

32 Illumine the Magician (level 3, -1/26 HPs)
             Began as a Djinni Fire Elementalist on Mar 26, 2021.
             Slain by a phantom (6 damage)
             ... on level 1 of the Dungeon.
             The game lasted 00:02:36 (1121 turns).

Illumine the Magician (Djinni Fire Elementalist)    Turns: 1121, Time: 00:02:36

Health: -1/26      AC:  2    Str:  7    XL:     3   Next: 27%
Gold:   14         EV: 12    Int: 17    God:
                   SH:  0    Dex: 13

rFire    + + .     SeeInvis .   (no weapon)
rCold    x . .     Faith    .   (no shield)
rNeg     . . .     Spirit   .   a - +0 robe
rPois    ∞         Reflect  .   (no helmet)
rElec    .         Harm     .   (no cloak)
rCorr    .         Rampage  .   (no gloves)
Will     .....                  (boots unavailable)
Stlth    ++........             (no amulet)
HPRegen  0.08/turn              (no ring)
MPRegen  0.00/turn              (no ring)

@: flying
A: fire resistance 2, cold vulnerability 1, float, innate caster, hp casting,
extra vitality 1
a: no special abilities


You were on level 1 of the Dungeon.
You visited 1 branch of the dungeon, and saw 2 of its levels.

You collected 14 gold pieces.

Inventory:

Hand Weapons
 g - a +0 rapier
Missiles
 e - 63 stones
Armour
 a - a +0 robe (worn)
 d - a scarf of harm
 i - a +0 kite shield
Jewellery
 c - a ring of resist corrosion
Scrolls
 h - 3 scrolls of identify {unknown}
Potions
 b - 2 potions of berserk rage {unknown}
 f - a potion of heal wounds {unknown}


   Skills:
 + Level 0.3 Fighting
 + Level 2.3 Dodging
 - Level 1.5 Stealth
 * Level 3.6 Spellcasting


You couldn't memorise any spells.
You knew the following spells:

 Your Spells              Type           Power      Damage    Failure   Level
a - Foxfire               Conj/Fire      60%        2x1d7     3%          1
b - Conjure Flame         Conj/Fire      15%        6-21      11%         3
c - Inner Flame           Hex/Fire       15%        N/A       11%         3
d - Sticky Flame          Conj/Fire      15%        2d4       36%         4
e - Fireball              Conj/Fire      7%         3d5       71%         5
f - Summon Small Mammal   Summ           60%        N/A       3%          1
Your spell library was empty.

Dungeon Overview and Level Annotations

Branches:
Dungeon (2/15)

Altars:


Innate Abilities, Weirdness & Mutations

You are immune to poison.
Your flesh is very heat resistant. (rF++)
You are vulnerable to cold. (rC-)
You float through the air rather than walking.
You learn spells naturally, not from books.
Your magical power is your life essence.
You have superior vitality. (+4 HP)


Message History

There is a stone staircase leading down here.
You fly downwards.
A goblin comes into view. It is wielding a +0 club.
The goblin shouts!
Found a scroll labelled JOHOKI BOIN.
There is a stone staircase leading up here.
Casting: Foxfire (safe; 3% risk of failure)
Confirm with . or Enter, or press ? or * to list all spells.
You miscast Foxfire.
You are very lightly contaminated with residual magic.
Nothing appears to happen.
A phantom comes into view.
Casting: Foxfire (safe; 3% risk of failure)
Confirm with . or Enter, or press ? or * to list all spells.
You conjure some foxfire!
The foxfire hits the goblin.
The goblin is severely wounded.
The foxfire hits the goblin.
You kill the goblin!
You fly upwards.
There is a stone staircase leading down here.
You start resting.
Your magical contamination has completely faded away.
You fly downwards.
The phantom hits you.
There is a stone staircase leading up here.
The phantom hits you!
You fly upwards.
There is a stone staircase leading down here.
The phantom hits you!
The phantom blinks!
You blink.
There is a stone staircase leading down here.
The phantom hits you.
* * * LOW HITPOINT WARNING * * *
Casting: Foxfire (safe; 3% risk of failure)
Confirm with . or Enter, or press ? or * to list all spells.
You conjure some foxfire!
* * * LOW HITPOINT WARNING * * *
The phantom misses you.
The foxfire hits the phantom but does no damage. x2
The phantom hits you.
You die...

#...#...........##....##.....#
#...#.....................####
#...#..........###............
#...#...........##............
#...#...........##............
#...#...........##............
#...#.........................
#...####...######...#.#.......
#...####....W@......#.#.......
#...........##......#.######..
#...........##................
#..............>..............
####..............)...........
#..........................
#............####..........
#........#...# #..........
##########...# #..........


You could see a phantom.

Vanquished Creatures
  A dart slug (D:1)
  3 bats (D:1)
  3 endoplasms (D:1)
  3 goblins
  2 hobgoblins (D:1)
  2 jackals (D:1)
  2 kobolds (D:1)
  A quokka (D:1)
  3 ball pythons (D:1)
  2 frilled lizards (D:1)
  6 rats (D:1)
28 creatures vanquished.

Vanquished Creatures (others)
  66 foxfires
66 creatures vanquished.

Grand Total: 94 creatures vanquished

Notes
Turn   | Place    | Note
-------+----------+-------------------------------------------
     0 | D:1      | Illumine the Djinni Fire Elementalist began the quest for
                  | the Orb.
     0 | D:1      | Reached XP level 1. HP: 15/15 MP: 0/0
   158 | D:1      | Reached skill level 3 in Spellcasting
   314 | D:1      | Reached XP level 2. HP: 20/21 MP: 0/0
   659 | D:1      | Reached XP level 3. HP: 23/25 MP: 0/0
   659 | D:1      | Learned a level 1 spell: Summon Small Mammal
  1097 | D:2      | Noticed a phantom
  1121 | D:1      | Slain by a phantom

Illustrated notes

Levels and vault maps discovered:
D:1:      onia_arrival_handbag, layout_basic
D:2:      layout_basic, minmay_hexomino_c4

Skill      XL: |  1 |
---------------+----+-----
Spellcasting   | 3 |  3.6
Fighting       | |  0.3
Dodging        | |  2.3
Stealth        | |  1.5

Action                   || total
-------------------------++-------
 Cast: Foxfire           ||    40
Armor: Robe              ||     4
Dodge: Dodged            ||     6

Table legend: (Time is in decaauts)
 A = Elapsed time spent in this place.
 B = Non-inter-level travel time spent in this place.
 C = Inter-level travel time spent in this place.
 D = Time resting spent in this place.
 E = Time spent auto-exploring this place.
 F = Levels seen in this place.
 G = Mean time per level.
                   A        B        C        D        E       F      G
               +--------+--------+--------+--------+--------+-----+--------+
         Total |   1122 |   1111 |     11 |    401 |    522 |   2 |  561.0 |
       Dungeon |   1122 |   1111 |     11 |    401 |    522 |   2 |  561.0 |
               +--------+--------+--------+--------+--------+-----+--------+

Top non-repeatable levels by time:
     D:1: 1114 daAuts
     D:2: 8 daAuts
